Harfangs vs Royaux (R2)

Created - January 7, 2021 at 20:53

Goals
1 2 3 T
Harfangs 1 0 4 5
Royaux 1 3 3 7
Shots
1 2 3 T
Harfangs 10 5 12 27
Royaux 5 13 9 27

1st period

1. Harfangs , Ryan Hartman 10 (Morgan Klimchuk 8, David Kampf 3) at 2:22
2. Royaux , Ben Hanowski 12 (Tye McGinn 24, Jordie Benn 13) at 16:01 (SH)

Penalties :
Mathieu Joseph (Cap) for High sticking (Double Minor) at 3:53, Reid McNeill (BEA) for Holding (Minor) at 8:33, Kasperi Kapanen (Cap) for Roughing (Minor) at 15:26

2nd period

3. Royaux , Ben Hanowski 13 (Jordie Benn 14) at 8:46 (PP)
4. Royaux , Kasperi Kapanen 8 (Marcus Pettersson 17, Brandon Pirri 14) at 10:50
5. Royaux , Mathieu Joseph 4 (Sonny Milano 7, Marcus Pettersson 18) at 17:30

Penalties :
Jake Dotchin (BEA) for Hooking (Minor) at 1:58, Ryan Hartman (BEA) for Tripping (Minor) at 8:14, Michael Bournival (BEA) for Tripping (Minor) at 8:36, Mathew Barzal (Cap) for Tripping (Minor) at 11:29, Lucas Wallmarkk (BEA) for Interference (Minor) at 19:14

3rd period

6. Harfangs , Michael Bournival 22 (Tyler Randell 25, Tyler Brenner 30) at 7:38 (PP)
7. Harfangs , Tyler Randell 22 (Michael Bournival 32, Jake Dotchin 7) at 7:52 (PP)
8. Royaux , Tye McGinn 20 (Dylan Larkin 27) at 8:04 (PP)
9. Harfangs , Lucas Wallmarkk 9 (Tomas Kubalik 19, Reid McNeill 13) at 11:26
10. Harfangs , Tomas Kubalik 19 (Reid McNeill 14) at 11:57
11. Royaux , Kasperi Kapanen 9 (Phil Oreskovic 6, Mathew Barzal 11) at 13:30 (PP)
12. Royaux , Danny Kristo 11 (Brendan Woods 8, Marcus Pettersson 19) at 16:22

Penalties :
Rourke Chartier (Cap) for Tripping (Minor) at 1:27, Jordie Benn (Cap) for Slashing (Double Minor) at 7:23, Tyler Brenner (BEA) for High sticking (Minor) at 8:03, Reid McNeill (BEA) for Slashing (Minor) at 8:09, Reid McNeill (BEA) for Hooking (Minor) at 12:19, Ryan Hartman (BEA) for Tripping (Minor) at 16:31

Goalie Stats

Zachary Fucale (BEA), 6 saves from 9 shots - (0.667), L, 1-1-0, 22:30 minutes
Ilya Sorokin (BEA), 14 saves from 18 shots - (0.778), 37:30 minutes
Olivier Roy (Cap), 22 saves from 27 shots - (0.815), W, 9-4-1, 60:00 minutes

Players Stats for Harfangs

Player Name              G  A  P  +/- PIM S  H  SB GA TA FO     MP     PP MP  PK MP  
------------------------------------------------------------------------------------
A.J. Greer               0  0  0  -1  0   0  2  0  0  0  0/0     6:47   0:56   1:30 
Blake Heinrich           0  0  0  -1  0   0  1  0  0  0  0/0    20:14   3:23   4:37 
David Kampf              0  1  1   1  0   1  0  1  0  0  5/7    10:04   0:25   0:00 
Devon Teows              0  0  0   1  0   0  1  1  0  0  0/0    15:09   0:35   4:15 
Erik Nystrom             0  0  0   0  0   0  1  0  0  0  0/0     3:58   1:23   0:00 
Ivan Provorov            0  0  0  -1  0   2  5  1  0  1  0/0    20:14   3:23   4:37 
Jake Dotchin             0  1  1  -1  2   1  2  1  0  1  0/0    28:33   6:27   7:49 
Lucas Wallmarkk          1  0  1   1  2   4  0  0  0  1  5/7    15:14   3:38   0:00 
Michael Bournival        1  1  2  -2  2   4  1  1  2  0  0/2    23:25   5:44   6:59 
Morgan Klimchuk          0  1  1   1  0   0  0  0  0  0  0/0     9:24   0:00   0:00 
Nick Sorensen            0  0  0   0  0   0  1  0  0  0  1/1    11:27   2:45   0:00 
Reid McNeill             0  2  2  -1  6   1  1  0  0  0  0/0    26:28   6:27   5:38 
Rinat Valiev             0  0  0   1  0   0  0  1  0  1  0/0    10:34   0:35   0:00 
Ryan Hartman             1  0  1   1  4   4  2  0  0  0  0/0    11:13   1:12   0:00 
Sven Andrighetto         0  0  0  -1  0   0  0  1  0  0  1/1     7:48   0:00   2:22 
Tomas Kubalik            1  1  2   0  0   4  0  0  1  0  0/1    19:11   3:43   3:41 
Tyler Brenner            0  1  1  -2  2   2  0  0  0  1  14/24  19:24   5:44   3:41 
Tyler Randell            1  1  2  -1  0   4  1  0  3  0  12/19  27:06   5:45   8:32 

Players Stats for Royaux

Player Name              G  A  P  +/- PIM S  H  SB GA TA FO     MP     PP MP  PK MP  
------------------------------------------------------------------------------------
Ben Hanowski             2  0  2   0  0   3  4  0  0  0  0/1    20:54   8:03   2:44 
Brandon Pirri            0  1  1   0  0   1  5  0  1  0  1/1    18:05   5:25   1:32 
Brendan Woods            0  1  1   0  0   0  0  0  0  0  0/0    13:50   0:00   5:52 
Danny Kristo             1  0  1   0  0   3  3  1  0  0  6/9    13:43   0:00   5:50 
Dylan Larkin             0  1  1  -1  0   3  0  0  0  0  11/27  18:01   8:03   0:00 
Ian McCoshen             0  0  0   1  0   0  3  0  0  0  0/0    12:30   0:00   3:43 
Jordie Benn              0  2  2   1  4   0  2  0  0  1  0/0    26:23   9:17   5:57 
Kasperi Kapanen          2  0  2   0  2   6  8  0  0  0  0/2    18:24   5:25   1:47 
Marcus Pettersson        0  3  3   2  0   2  2  0  1  2  0/0    24:53   9:17   1:20 
Mathew Barzal            0  1  1   0  2   2  2  0  0  0  5/13   16:13   5:25   0:00 
Mathieu Joseph           1  0  1   1  4   1  1  0  0  0  0/0     7:35   0:00   0:00 
Phil Oreskovic           0  1  1   1  0   1  1  0  0  0  0/0    18:11   4:11   3:43 
Rourke Chartier          0  0  0   0  2   0  0  0  0  0  1/3     7:23   0:00   0:00 
Simon Despres            0  0  0  -1  0   1  0  1  1  1  0/0    20:47   0:00   5:59 
Sonny Milano             0  1  1   1  0   0  1  0  0  0  0/0     6:56   0:00   0:00 
Travis Sanheim           0  0  0  -2  0   0  2  0  1  2  0/0    17:15   4:11   0:08 
Tye McGinn               1  1  2   0  0   3  1  0  1  0  0/0    20:52   8:03   2:44 
Vladislav Namestnikov    0  0  0   1  0   1  0  0  0  0  0/6     7:35   0:00   0:21 

3 Stars

1 - Kasperi Kapanen (Cap)
2 - Ben Hanowski (Cap)
3 - Marcus Pettersson (Cap)

Power Play

Harfangs - 2 on 7 Attempt(s) - 28.57%
Royaux - 3 on 9 Attempt(s) - 33.33%

Penalty Kill

Harfangs - 6 on 9 Attempt(s) - 66.67% - Score 0 goal in Penalty Kill
Royaux - 5 on 7 Attempt(s) - 71.43% - Score 1 goal in Penalty Kill

Team Stat

Harfangs - Hits : 18 - Faceoff Wins : 38 - Blocked Shots : 7 - Penalty Minutes : 18
Royaux - Hits : 35 - Faceoff Wins : 24 - Blocked Shots : 2 - Penalty Minutes : 14

Official

Referees : Unknown
Linesman : Unknown

Game Notes

Erik Nystrom is injured at 13:31 of 1st period (Right Foot)
Zachary Fucale enters game at 17:30 of 2nd period

Finance

Level 1 -- Attendance: 1451 (72.55%) -- Ticket Income $50,785
Level 2 -- Attendance: 759 (75.90%) -- Ticket Income $15,180
Total Attendance: 2210 (73.67%)
Total Ticket Income: $65,965
Other Income: $3,298
Total Income: $69,263

Harfangs

5 vs 5 Forward 
   Center                   Left Wing                Right Wing               Time % Phy DF OF 
 1 Tyler Brenner            Michael Bournival        Tyler Randell            40     1   2  2  
 2 Lucas Wallmarkk          Erik Nystrom             Tomas Kubalik            30     1   2  2  
 3 David Kampf              Morgan Klimchuk          Ryan Hartman             20     1   2  2  
 4 Tyler Randell            A.J. Greer               Sven Andrighetto         10     1   2  2  

5 vs 5 Defense 
   Defense                  Defense                                           Time % Phy DF OF 
 1 Reid McNeill             Jake Dotchin                                      40     1   2  2  
 2 Ivan Provorov            Blake Heinrich                                    30     1   2  2  
 3 Rinat Valiev             Devon Teows                                       20     1   2  2  
 4 Reid McNeill             Jake Dotchin                                      10     1   2  2  

PowerPlay Forward 
   Center                   Left Wing                Right Wing               Time % Phy DF OF 
 1 Tyler Brenner            Michael Bournival        Tyler Randell            60     1   2  2  
 2 Lucas Wallmarkk          Erik Nystrom             Tomas Kubalik            40     1   2  2  

PowerPlay Defense
   Defense                  Defense                                           Time % Phy DF OF 
 1 Reid McNeill             Jake Dotchin                                      60     1   2  2  
 2 Ivan Provorov            Blake Heinrich                                    40     1   2  2  

Penalty Kill 4 Players Forward 
   Center                   Wing                     Time % Phy DF OF 
 1 Tyler Randell            Michael Bournival        60     1   2  2  
 2 Tyler Brenner            Tomas Kubalik            40     1   2  2  

Penalty Kill 4 Players Defense
   Defense                  Defense                  Time % Phy DF OF 
 1 Reid McNeill             Jake Dotchin             60     1   2  2  
 2 Ivan Provorov            Blake Heinrich           40     1   2  2  

Penalty Kill - 3 Players Forward 
   Forward                                           Time % Phy DF OF 
 1 Tyler Randell                                     60     1   2  2  
 2 Michael Bournival                                 40     1   2  2  

Penalty Kill - 3 Players Defense
   Defense                  Defense                  Time % Phy DF OF 
 1 Reid McNeill             Jake Dotchin             60     1   2  2  
 2 Ivan Provorov            Blake Heinrich           40     1   2  2  

4 vs 4 Forward 
   Center                   Wing                     Time % Phy DF OF 
 1 Tyler Randell            Michael Bournival        60     1   2  2  
 2 Tyler Brenner            Tomas Kubalik            40     1   2  2  

4 vs 4 Defense
   Defense                  Defense                  Time % Phy DF OF 
 1 Reid McNeill             Jake Dotchin             60     1   2  2  
 2 Ivan Provorov            Blake Heinrich           40     1   2  2  

Last Minutes Offensive
   Center                   Left Wing                Right Wing               Defense                  Defense                  
   Tyler Brenner            Michael Bournival        Tyler Randell            Reid McNeill             Jake Dotchin             

Last Minutes Defensive
   Center                   Left Wing                Right Wing               Defense                  Defense                  
   Tyler Brenner            Michael Bournival        Tyler Randell            Reid McNeill             Jake Dotchin             

Goaltenders
Starting : Ilya Sorokin             
Backup : Zachary Fucale           

Extra Forwards
Normal : Nick Sorensen, Ryan Hartman, Sven Andrighetto - PP : Nick Sorensen, Ryan Hartman - PK : Sven Andrighetto
Extra Defensemen
Normal : Rinat Valiev, Devon Teows, Ivan Provorov - PP : Rinat Valiev - PK : Devon Teows, Ivan Provorov
Penalty Shots
Tyler Randell, Michael Bournival, Tyler Brenner, Tomas Kubalik, Ryan Hartman

Scratches
Cristoval Nieves (Healthy), Calle Jarnkrok (Healthy), Nick Shore (Healthy), JC Lipon (Healthy), Brenden Kichton (Healthy)
Cooper Marody (Healthy), Laurent Dauphin (Healthy), Mark Alt (Healthy), Brendan Leipsic (Healthy), Brandon McMillan (Healthy)
Justin Kirkland (Healthy), Victor Bartley (Healthy), Anthony Angello (Healthy), Anton Forsberg (Healthy), Jason Kasdorf (Healthy)
Scott Wedgewood (Healthy)

Royaux

5 vs 5 Forward 
   Center                   Left Wing                Right Wing               Time % Phy DF OF 
 1 Dylan Larkin             Tye McGinn               Ben Hanowski             35     0   2  3  
 2 Mathew Barzal            Brandon Pirri            Kasperi Kapanen          35     0   2  3  
 3 Rourke Chartier          Brendan Woods            Danny Kristo             20     0   2  3  
 4 Vladislav Namestnikov    Sonny Milano             Mathieu Joseph           10     0   3  2  

5 vs 5 Defense 
   Defense                  Defense                                           Time % Phy DF OF 
 1 Travis Sanheim           Simon Despres                                     35     0   3  2  
 2 Jordie Benn              Marcus Pettersson                                 35     0   3  2  
 3 Ian McCoshen             Phil Oreskovic                                    15     0   3  2  
 4 Marcus Pettersson        Phil Oreskovic                                    15     0   3  2  

PowerPlay Forward 
   Center                   Left Wing                Right Wing               Time % Phy DF OF 
 1 Dylan Larkin             Tye McGinn               Ben Hanowski             60     0   1  4  
 2 Mathew Barzal            Brandon Pirri            Kasperi Kapanen          40     0   1  4  

PowerPlay Defense
   Defense                  Defense                                           Time % Phy DF OF 
 1 Jordie Benn              Marcus Pettersson                                 60     0   2  3  
 2 Phil Oreskovic           Travis Sanheim                                    40     0   2  3  

Penalty Kill 4 Players Forward 
   Center                   Wing                     Time % Phy DF OF 
 1 Danny Kristo             Brendan Woods            60     0   4  1  
 2 Ben Hanowski             Tye McGinn               40     0   4  1  

Penalty Kill 4 Players Defense
   Defense                  Defense                  Time % Phy DF OF 
 1 Jordie Benn              Simon Despres            60     1   2  2  
 2 Phil Oreskovic           Ian McCoshen             40     1   2  2  

Penalty Kill - 3 Players Forward 
   Forward                                           Time % Phy DF OF 
 1 Brendan Woods                                     60     0   4  1  
 2 Danny Kristo                                      40     0   4  1  

Penalty Kill - 3 Players Defense
   Defense                  Defense                  Time % Phy DF OF 
 1 Jordie Benn              Simon Despres            60     1   2  2  
 2 Phil Oreskovic           Ian McCoshen             40     1   2  2  

4 vs 4 Forward 
   Center                   Wing                     Time % Phy DF OF 
 1 Dylan Larkin             Tye McGinn               60     0   2  3  
 2 Ben Hanowski             Kasperi Kapanen          40     0   2  3  

4 vs 4 Defense
   Defense                  Defense                  Time % Phy DF OF 
 1 Travis Sanheim           Simon Despres            60     0   3  2  
 2 Marcus Pettersson        Jordie Benn              40     0   3  2  

Last Minutes Offensive
   Center                   Left Wing                Right Wing               Defense                  Defense                  
   Dylan Larkin             Tye McGinn               Ben Hanowski             Marcus Pettersson        Travis Sanheim           

Last Minutes Defensive
   Center                   Left Wing                Right Wing               Defense                  Defense                  
   Tye McGinn               Brendan Woods            Danny Kristo             Phil Oreskovic           Simon Despres            

Goaltenders
Starting : Olivier Roy              
Backup : Igor Shesterkin          

Extra Forwards
Normal : Dylan Larkin, Kasperi Kapanen, Danny Kristo - PP : Sonny Milano, Danny Kristo - PK : Kasperi Kapanen
Extra Defensemen
Normal : Travis Sanheim, Marcus Pettersson, Phil Oreskovic - PP : Simon Despres - PK : Marcus Pettersson, Travis Sanheim
Penalty Shots
Dylan Larkin, Brandon Pirri, Danny Kristo, Sonny Milano, Ben Hanowski

Scratches
Garrett Wilson (Healthy), Troy Terry (Healthy), Tanner Kero (Healthy), Greg McKegg (Healthy), Nikita Pavlychev (Healthy)
Konrad Abeltshauser (Healthy), Dylan DeMelo (Healthy), Tomas Hyka (Healthy), Ryan Pulock (Torso Injury), Michael Bunting (Healthy)
Ryan Mantha (Healthy), Jack Ramsey (Healthy), Marcus Hogberg (Healthy)

% Time on Ice - Harfangs

Lines # - Real PCT - Wanted PCT - Time Play
Normal Forward
1 - 31% - 40% - 11:15
2 - 33% - 30% - 11:52
3 - 26% - 20% - 9:24
4 - 10% - 10% - 3:36
Normal Defense
1 - 41% - 40% - 14:57
2 - 32% - 30% - 11:35
3 - 25% - 20% - 9:06
4 - 1% - 10% - 0:29
PP Forward
1 - 61% - 60% - 6:23
2 - 39% - 40% - 4:02
PP Defense
1 - 62% - 60% - 6:27
2 - 38% - 40% - 3:58
PK Forward
1 - 72% - 60% - 9:37
2 - 28% - 40% - 3:41
PK Defense
1 - 71% - 60% - 9:23
2 - 29% - 40% - 3:55
PK3 Forward
1 - 100% - 60% - 0:10
2 - 0% - 40% - 0:00
PK3 Defense
1 - 100% - 60% - 0:10
2 - 0% - 40% - 0:00
44 Forward
1 - 0% - 60%
2 - 0% - 40%
44 Defense
1 - 0% - 60%
2 - 0% - 40%
Last Minute Offensive  - 0:00
Last Minute Defensive  - 0:00
Total
Forward - 60:00
Defense - 60:00

% Time on Ice - Royaux

Lines # - Real PCT - Wanted PCT - Time Play
Normal Forward
1 - 32% - 35% - 11:28
2 - 30% - 35% - 10:49
3 - 19% - 20% - 6:54
4 - 19% - 10% - 6:56
Normal Defense
1 - 41% - 35% - 14:48
2 - 32% - 35% - 11:39
3 - 20% - 15% - 7:15
4 - 7% - 15% - 2:25
PP Forward
1 - 60% - 60% - 8:03
2 - 40% - 40% - 5:25
PP Defense
1 - 69% - 60% - 9:17
2 - 31% - 40% - 4:11
PK Forward
1 - 74% - 60% - 7:41
2 - 26% - 40% - 2:44
PK Defense
1 - 64% - 60% - 6:42
2 - 36% - 40% - 3:43
PK3 Forward
1 - 0% - 60%
2 - 0% - 40%
PK3 Defense
1 - 0% - 60%
2 - 0% - 40%
44 Forward
1 - 0% - 60%
2 - 0% - 40%
44 Defense
1 - 0% - 60%
2 - 0% - 40%
Last Minute Offensive  - 0:00
Last Minute Defensive  - 0:00
Total
Forward - 60:00
Defense - 60:00

Play-by-Play

1st period


0:01 of 1st period - Tyler Brenner wins face-off versus Dylan Larkin in neutral zone.
1:11 of 1st period - Jake Dotchin is hit by Ian McCoshen.
1:15 of 1st period - Slapshot by Tyler Randell.
1:15 of 1st period - Stopped by Olivier Roy without a rebound.
1:16 of 1st period - Mathew Barzal wins face-off versus Tomas Kubalik in Royaux zone.
1:41 of 1st period - Ben Hanowski is hit by Ivan Provorov and loses puck.
2:04 of 1st period - Snap shot by Danny Kristo.
2:04 of 1st period - Stopped by Ilya Sorokin without a rebound.
2:05 of 1st period - David Kampf wins face-off versus Rourke Chartier in Harfangs zone.
2:22 of 1st period - Wrist shot by Ryan Hartman.
2:22 of 1st period - Goal by Ryan Hartman - Harfangs : 1 - Royaux : 0.
2:23 of 1st period - Tyler Brenner wins face-off versus Mathew Barzal in neutral zone.
2:50 of 1st period - Jordie Benn is hit by Reid McNeill and loses puck.
2:57 of 1st period - Slapshot by Tomas Kubalik.
2:57 of 1st period - Stopped by Olivier Roy without a rebound.
2:58 of 1st period - Tyler Brenner wins face-off versus Dylan Larkin in Royaux zone.
3:28 of 1st period - Snap shot by Ben Hanowski.
3:28 of 1st period - Stopped by Ilya Sorokin with a rebound.
3:53 of 1st period - Double Minor Penalty to Mathieu Joseph for High sticking.
3:54 of 1st period - Danny Kristo wins face-off versus Tyler Brenner in Royaux zone.
3:54 of 1st period - Danny Kristo is hit by Michael Bournival.
5:34 of 1st period - Simon Despres is hit by Erik Nystrom.
6:01 of 1st period - Slapshot by Ryan Hartman.
6:01 of 1st period - Shot Misses the Net.
6:15 of 1st period - Brendan Woods is hit by Blake Heinrich and loses puck.
7:01 of 1st period - Tye McGinn is hit by A.J. Greer and loses puck.
7:53 of 1st period - Penalty to Mathieu Joseph is over, Mathieu Joseph is back on ice.
8:00 of 1st period - Simon Despres is hit by Ryan Hartman and loses puck.
8:05 of 1st period - Snap shot by Ryan Hartman.
8:05 of 1st period - Stopped by Olivier Roy without a rebound.
8:06 of 1st period - David Kampf wins face-off versus Vladislav Namestnikov in Royaux zone.
8:07 of 1st period - Snap shot by Ryan Hartman.
8:07 of 1st period - Deflect By David Kampf.
8:07 of 1st period - Shot Misses the Net.
8:07 of 1st period - Puck is out of play.
8:08 of 1st period - Lucas Wallmarkk wins face-off versus Vladislav Namestnikov in Royaux zone.
8:11 of 1st period - Snap shot by Tomas Kubalik.
8:11 of 1st period - Stopped by Olivier Roy with a rebound.
8:13 of 1st period - Wrist shot by Lucas Wallmarkk.
8:13 of 1st period - Stopped by Olivier Roy with a rebound.
8:15 of 1st period - Wrist shot by Jake Dotchin.
8:15 of 1st period - Deflect By Marcus Pettersson.
8:15 of 1st period - Stopped by Olivier Roy without a rebound.
8:16 of 1st period - Lucas Wallmarkk wins face-off versus Vladislav Namestnikov in Royaux zone.
8:31 of 1st period - Snap shot by Vladislav Namestnikov.
8:31 of 1st period - Shot Misses the Net.
8:33 of 1st period - Minor Penalty to Reid McNeill for Holding.
8:34 of 1st period - Tyler Randell wins face-off versus Dylan Larkin in Harfangs zone.
8:47 of 1st period - Snap shot by Tye McGinn.
8:47 of 1st period - Stopped by Ilya Sorokin with a rebound.
8:49 of 1st period - Slapshot by Jordie Benn.
8:49 of 1st period - Deflect By Tye McGinn.
8:49 of 1st period - Shot Hit the Post.
8:49 of 1st period - Puck is out of play.
8:50 of 1st period - Tyler Randell wins face-off versus Dylan Larkin in Harfangs zone.
9:36 of 1st period - Wrist shot by Tyler Brenner.
9:36 of 1st period - Stopped by Olivier Roy with a rebound.
9:58 of 1st period - Tyler Randell is hit by Kasperi Kapanen and loses puck.
10:33 of 1st period - Penalty to Reid McNeill is over, Reid McNeill is back on ice.
12:28 of 1st period - Reid McNeill is hit by Kasperi Kapanen and loses puck.
12:52 of 1st period - Tomas Kubalik is hit by Mathieu Joseph and loses puck.
13:30 of 1st period - Erik Nystrom is hit by Danny Kristo and loses puck.
13:31 of 1st period - Erik Nystrom from Harfangs is injured at 13:31 of 1st period (Right Foot).
13:32 of 1st period - Tyler Brenner wins face-off versus Dylan Larkin in Harfangs zone.
13:57 of 1st period - Lucas Wallmarkk is hit by Kasperi Kapanen and loses puck.
15:02 of 1st period - Travis Sanheim is hit by Ivan Provorov.
15:21 of 1st period - Off-side.
15:22 of 1st period - Sven Andrighetto wins face-off versus Mathew Barzal in neutral zone.
15:26 of 1st period - Minor Penalty to Kasperi Kapanen for Roughing.
15:27 of 1st period - Tyler Brenner wins face-off versus Danny Kristo in Royaux zone.
15:54 of 1st period - Reid McNeill is hit by Tye McGinn and loses puck.
16:01 of 1st period - Wrist shot by Ben Hanowski.
16:01 of 1st period - Goal by Ben Hanowski - Harfangs : 1 - Royaux : 1.
16:02 of 1st period - Danny Kristo wins face-off versus Tyler Brenner in neutral zone.
16:25 of 1st period - Michael Bournival is hit by Jordie Benn and loses puck.
16:36 of 1st period - Snap shot by Tyler Randell.
16:36 of 1st period - Shot Misses the Net.
16:38 of 1st period - Snap shot by Tyler Randell.
16:38 of 1st period - Shot Misses the Net.
16:40 of 1st period - Snap shot by Tyler Randell.
16:40 of 1st period - Stopped by Olivier Roy with a rebound.
16:42 of 1st period - Snap shot by Tyler Brenner.
16:42 of 1st period - Shot Misses the Net.
16:44 of 1st period - Wrist shot by Michael Bournival.
16:44 of 1st period - Shot Blocked by Simon Despres.
16:46 of 1st period - Snap shot by Michael Bournival.
16:46 of 1st period - Shot Misses the Net.
16:50 of 1st period - Wrist shot by Michael Bournival.
16:50 of 1st period - Stopped by Olivier Roy with a rebound.
17:26 of 1st period - Penalty to Kasperi Kapanen is over, Kasperi Kapanen is back on ice.
17:44 of 1st period - Snap shot by Kasperi Kapanen.
17:44 of 1st period - Stopped by Ilya Sorokin without a rebound.
17:45 of 1st period - Lucas Wallmarkk wins face-off versus Dylan Larkin in Harfangs zone.
18:00 of 1st period - Snap shot by Tye McGinn.
18:00 of 1st period - Deflect By Dylan Larkin.
18:00 of 1st period - Shot Misses the Net.
18:00 of 1st period - Puck is out of play.
18:01 of 1st period - Mathew Barzal wins face-off versus David Kampf in Harfangs zone.
18:04 of 1st period - Wrist shot by Brandon Pirri.
18:04 of 1st period - Shot Blocked by Devon Teows.
18:38 of 1st period - Devon Teows is hit by Ben Hanowski and loses puck.
18:51 of 1st period - Devon Teows is hit by Sonny Milano and loses puck.
19:06 of 1st period - Blake Heinrich is hit by Brandon Pirri and loses puck.
19:15 of 1st period - Lucas Wallmarkk is hit by Marcus Pettersson and loses puck.
19:26 of 1st period - Dylan Larkin is hit by Ivan Provorov and loses puck.
19:43 of 1st period - Phil Oreskovic is hit by A.J. Greer and loses puck.
Goals for this period are 1 for Harfangs vs 1 for Royaux.
Shots for this period are 10 for Harfangs vs 5 for Royaux.

2nd period


0:01 of 2nd period - Tyler Brenner wins face-off versus Kasperi Kapanen in neutral zone.
0:26 of 2nd period - Tomas Kubalik is hit by Danny Kristo.
0:56 of 2nd period - Snap shot by Ryan Hartman.
0:56 of 2nd period - Stopped by Olivier Roy with a rebound.
1:02 of 2nd period - Snap shot by Ryan Hartman.
1:02 of 2nd period - Shot Misses the Net.
1:29 of 2nd period - Off-side.
1:30 of 2nd period - Tyler Brenner wins face-off versus Vladislav Namestnikov in neutral zone.
1:41 of 2nd period - Wrist shot by Sonny Milano.
1:41 of 2nd period - Shot Misses the Net.
1:43 of 2nd period - Snap shot by Vladislav Namestnikov.
1:43 of 2nd period - Stopped by Ilya Sorokin without a rebound.
1:44 of 2nd period - Mathew Barzal wins face-off versus Lucas Wallmarkk in Harfangs zone.
1:47 of 2nd period - Slapshot by Marcus Pettersson.
1:47 of 2nd period - Stopped by Ilya Sorokin without a rebound.
1:48 of 2nd period - Mathew Barzal wins face-off versus Lucas Wallmarkk in Harfangs zone.
1:49 of 2nd period - Wrist shot by Brandon Pirri.
1:49 of 2nd period - Deflect By Kasperi Kapanen.
1:49 of 2nd period - Stopped by Ilya Sorokin with a rebound.
1:51 of 2nd period - Snap shot by Brandon Pirri.
1:51 of 2nd period - Shot Misses the Net.
1:53 of 2nd period - Slapshot by Jordie Benn.
1:53 of 2nd period - Shot Misses the Net.
1:55 of 2nd period - Slapshot by Kasperi Kapanen.
1:55 of 2nd period - Stopped by Ilya Sorokin without a rebound.
1:56 of 2nd period - Tyler Brenner wins face-off versus Mathew Barzal in Harfangs zone.
1:58 of 2nd period - Minor Penalty to Jake Dotchin for Hooking.
1:59 of 2nd period - Tyler Randell wins face-off versus Ben Hanowski in Harfangs zone.
3:44 of 2nd period - Blake Heinrich is hit by Jordie Benn and loses puck.
3:58 of 2nd period - Penalty to Jake Dotchin is over, Jake Dotchin is back on ice.
4:05 of 2nd period - Snap shot by Sonny Milano.
4:05 of 2nd period - Shot Blocked by Jake Dotchin.
4:07 of 2nd period - Slapshot by Phil Oreskovic.
4:07 of 2nd period - Stopped by Ilya Sorokin with a rebound.
4:37 of 2nd period - Off-side.
4:38 of 2nd period - David Kampf wins face-off versus Vladislav Namestnikov in neutral zone.
6:27 of 2nd period - Snap shot by Kasperi Kapanen.
6:27 of 2nd period - Shot Misses the Net.
6:29 of 2nd period - Snap shot by Simon Despres.
6:29 of 2nd period - Stopped by Ilya Sorokin without a rebound.
6:30 of 2nd period - Lucas Wallmarkk wins face-off versus Mathew Barzal in Harfangs zone.
6:41 of 2nd period - Kasperi Kapanen is hit by Devon Teows and loses puck.
7:18 of 2nd period - Snap shot by Travis Sanheim.
7:18 of 2nd period - Shot Blocked by Michael Bournival.
8:08 of 2nd period - Snap shot by Kasperi Kapanen.
8:08 of 2nd period - Shot Blocked by David Kampf.
8:14 of 2nd period - Minor Penalty to Ryan Hartman for Tripping.
8:15 of 2nd period - Tyler Randell wins face-off versus Dylan Larkin in Harfangs zone.
8:36 of 2nd period - Minor Penalty to Michael Bournival for Tripping.
8:37 of 2nd period - Tyler Randell wins face-off versus Dylan Larkin in Harfangs zone.
8:46 of 2nd period - Snap shot by Ben Hanowski.
8:46 of 2nd period - Goal by Ben Hanowski - Harfangs : 1 - Royaux : 2.
8:47 of 2nd period - Dylan Larkin wins face-off versus Tyler Randell in neutral zone.
9:34 of 2nd period - Slapshot by Reid McNeill.
9:34 of 2nd period - Stopped by Olivier Roy without a rebound.
9:35 of 2nd period - Dylan Larkin wins face-off versus Tyler Brenner in Royaux zone.
9:57 of 2nd period - Off-side.
9:58 of 2nd period - Brandon Pirri wins face-off versus Tyler Randell in neutral zone.
10:01 of 2nd period - Sven Andrighetto is hit by Kasperi Kapanen and loses puck.
10:06 of 2nd period - Wrist shot by Kasperi Kapanen.
10:06 of 2nd period - Deflect By Brandon Pirri.
10:06 of 2nd period - Stopped by Ilya Sorokin with a rebound.
10:08 of 2nd period - Wrist shot by Mathew Barzal.
10:08 of 2nd period - Stopped by Ilya Sorokin without a rebound.
10:09 of 2nd period - Tyler Randell wins face-off versus Dylan Larkin in Harfangs zone.
10:18 of 2nd period - Wrist shot by Dylan Larkin.
10:18 of 2nd period - Stopped by Ilya Sorokin with a rebound.
10:36 of 2nd period - Penalty to Michael Bournival is over, Michael Bournival is back on ice.
10:50 of 2nd period - Wrist shot by Kasperi Kapanen.
10:50 of 2nd period - Goal by Kasperi Kapanen - Harfangs : 1 - Royaux : 3.
10:51 of 2nd period - Dylan Larkin wins face-off versus Tyler Brenner in neutral zone.
11:29 of 2nd period - Minor Penalty to Mathew Barzal for Tripping.
11:30 of 2nd period - Tyler Brenner wins face-off versus Danny Kristo in Royaux zone.
11:32 of 2nd period - Wrist shot by Michael Bournival.
11:32 of 2nd period - Stopped by Olivier Roy without a rebound.
11:33 of 2nd period - Danny Kristo wins face-off versus Tyler Brenner in Royaux zone.
11:46 of 2nd period - Snap shot by Tyler Randell.
11:46 of 2nd period - Shot Misses the Net.
11:48 of 2nd period - Wrist shot by Tyler Randell.
11:48 of 2nd period - Shot Misses the Net.
12:10 of 2nd period - Ivan Provorov is hit by Ben Hanowski and loses puck.
12:31 of 2nd period - Brendan Woods is hit by Ryan Hartman and loses puck.
13:07 of 2nd period - Nick Sorensen is hit by Brandon Pirri and loses puck.
13:29 of 2nd period - Penalty to Mathew Barzal is over, Mathew Barzal is back on ice.
13:30 of 2nd period - Tyler Brenner is hit by Ian McCoshen and loses puck.
13:51 of 2nd period - Snap shot by Sonny Milano.
13:51 of 2nd period - Shot Misses the Net.
14:33 of 2nd period - Snap shot by Kasperi Kapanen.
14:33 of 2nd period - Stopped by Ilya Sorokin with a rebound.
14:51 of 2nd period - Tyler Brenner is hit by Phil Oreskovic.
15:01 of 2nd period - Tomas Kubalik is hit by Kasperi Kapanen and loses puck.
15:42 of 2nd period - Tyler Brenner is hit by Marcus Pettersson and loses puck.
15:55 of 2nd period - Reid McNeill is hit by Ian McCoshen and loses puck.
16:08 of 2nd period - Jake Dotchin is hit by Travis Sanheim and loses puck.
16:32 of 2nd period - Icing by Devon Teows.
16:33 of 2nd period - Tyler Randell wins face-off versus Dylan Larkin in Harfangs zone.
16:48 of 2nd period - Tomas Kubalik is hit by Kasperi Kapanen and loses puck.
17:15 of 2nd period - Marcus Pettersson is hit by Ivan Provorov and loses puck.
17:28 of 2nd period - Slapshot by Sonny Milano.
17:28 of 2nd period - Shot Blocked by Sven Andrighetto.
17:30 of 2nd period - Snap shot by Mathieu Joseph.
17:30 of 2nd period - Goal by Mathieu Joseph - Harfangs : 1 - Royaux : 4.
17:30 of 2nd period - Zachary Fucale enters game.
17:31 of 2nd period - Tyler Brenner wins face-off versus Dylan Larkin in neutral zone.
18:28 of 2nd period - Wrist shot by Morgan Klimchuk.
18:28 of 2nd period - Deflect By David Kampf.
18:28 of 2nd period - Stopped by Olivier Roy without a rebound.
18:29 of 2nd period - Tyler Brenner wins face-off versus Dylan Larkin in Royaux zone.
18:32 of 2nd period - Wrist shot by Tyler Brenner.
18:32 of 2nd period - Shot Misses the Net.
18:40 of 2nd period - Slapshot by Tyler Randell.
18:40 of 2nd period - Stopped by Olivier Roy with a rebound.
19:14 of 2nd period - Minor Penalty to Lucas Wallmarkk for Interference.
19:15 of 2nd period - Dylan Larkin wins face-off versus Tyler Randell in Harfangs zone.
19:35 of 2nd period - Icing by Ben Hanowski.
19:36 of 2nd period - Dylan Larkin wins face-off versus Tyler Randell in Royaux zone.
19:36 of 2nd period - Dylan Larkin is hit by Tyler Randell.
19:50 of 2nd period - Backhand shot by Tye McGinn.
19:50 of 2nd period - Shot Misses the Net.
19:52 of 2nd period - Snap shot by Tye McGinn.
19:52 of 2nd period - Deflect By Reid McNeill.
19:52 of 2nd period - Shot Misses the Net.
19:52 of 2nd period - Puck is out of play.
19:53 of 2nd period - Tyler Randell wins face-off versus Mathew Barzal in Harfangs zone.
Goals for this period are 0 for Harfangs vs 3 for Royaux.
Shots for this period are 5 for Harfangs vs 13 for Royaux.

3rd period


0:01 of 3rd period - Tyler Randell wins face-off versus Dylan Larkin in neutral zone.
0:33 of 3rd period - Snap shot by Michael Bournival.
0:33 of 3rd period - Stopped by Olivier Roy with a rebound.
0:39 of 3rd period - Michael Bournival is hit by Brandon Pirri and loses puck.
1:14 of 3rd period - Penalty to Lucas Wallmarkk is over, Lucas Wallmarkk is back on ice.
1:27 of 3rd period - Minor Penalty to Rourke Chartier for Tripping.
1:28 of 3rd period - Danny Kristo wins face-off versus Michael Bournival in Royaux zone.
1:42 of 3rd period - Snap shot by Tyler Randell.
1:42 of 3rd period - Shot Misses the Net.
2:19 of 3rd period - Ian McCoshen is hit by Jake Dotchin.
2:45 of 3rd period - Simon Despres is hit by Nick Sorensen and loses puck.
3:08 of 3rd period - Blake Heinrich is hit by Kasperi Kapanen and loses puck.
3:27 of 3rd period - Penalty to Rourke Chartier is over, Rourke Chartier is back on ice.
4:02 of 3rd period - Devon Teows is hit by Ben Hanowski and loses puck.
4:13 of 3rd period - Slapshot by Tye McGinn.
4:13 of 3rd period - Stopped by Zachary Fucale without a rebound.
4:14 of 3rd period - David Kampf wins face-off versus Mathew Barzal in Harfangs zone.
4:56 of 3rd period - Rinat Valiev is hit by Ben Hanowski and loses puck.
5:09 of 3rd period - Slapshot by Tyler Randell.
5:09 of 3rd period - Shot Misses the Net.
5:28 of 3rd period - Brandon Pirri is hit by Jake Dotchin and loses puck.
6:11 of 3rd period - Slapshot by Tye McGinn.
6:11 of 3rd period - Shot Misses the Net.
7:07 of 3rd period - Ivan Provorov is hit by Brandon Pirri and loses puck.
7:23 of 3rd period - Double Minor Penalty to Jordie Benn for Slashing.
7:24 of 3rd period - Tyler Brenner wins face-off versus Danny Kristo in Royaux zone.
7:38 of 3rd period - Snap shot by Michael Bournival.
7:38 of 3rd period - Goal by Michael Bournival - Harfangs : 2 - Royaux : 4.
7:39 of 3rd period - Danny Kristo wins face-off versus Michael Bournival in neutral zone.
7:50 of 3rd period - Slapshot by Tyler Randell.
7:50 of 3rd period - Shot Blocked by Danny Kristo.
7:52 of 3rd period - Snap shot by Tyler Randell.
7:52 of 3rd period - Goal by Tyler Randell - Harfangs : 3 - Royaux : 4.
7:53 of 3rd period - Dylan Larkin wins face-off versus Tyler Brenner in neutral zone.
7:58 of 3rd period - Snap shot by Dylan Larkin.
7:58 of 3rd period - Stopped by Zachary Fucale with a rebound.
8:03 of 3rd period - Minor Penalty to Tyler Brenner for High sticking.
8:04 of 3rd period - Dylan Larkin wins face-off versus Tyler Randell in Harfangs zone.
8:04 of 3rd period - Snap shot by Tye McGinn.
8:04 of 3rd period - Goal by Tye McGinn - Harfangs : 3 - Royaux : 5.
8:05 of 3rd period - Tyler Brenner wins face-off versus Kasperi Kapanen in neutral zone.
8:09 of 3rd period - Minor Penalty to Reid McNeill for Slashing.
8:10 of 3rd period - Dylan Larkin wins face-off versus Tyler Randell in Harfangs zone.
8:20 of 3rd period - Snap shot by Dylan Larkin.
8:20 of 3rd period - Stopped by Zachary Fucale with a rebound.
9:06 of 3rd period - Blake Heinrich is hit by Brandon Pirri and loses puck.
9:41 of 3rd period - Devon Teows is hit by Mathew Barzal and loses puck.
9:55 of 3rd period - Icing by Dylan Larkin.
9:56 of 3rd period - Tyler Randell wins face-off versus Dylan Larkin in Royaux zone.
10:09 of 3rd period - Penalty to Reid McNeill is over, Reid McNeill is back on ice.
10:15 of 3rd period - Slapshot by Ivan Provorov.
10:15 of 3rd period - Stopped by Olivier Roy with a rebound.
10:34 of 3rd period - Off-side.
10:35 of 3rd period - Lucas Wallmarkk wins face-off versus Vladislav Namestnikov in neutral zone.
10:42 of 3rd period - Wrist shot by Tomas Kubalik.
10:42 of 3rd period - Shot Misses the Net.
10:44 of 3rd period - Wrist shot by Tomas Kubalik.
10:44 of 3rd period - Stopped by Olivier Roy with a rebound.
10:46 of 3rd period - Slapshot by Lucas Wallmarkk.
10:46 of 3rd period - Shot Misses the Net.
10:50 of 3rd period - Snap shot by Lucas Wallmarkk.
10:50 of 3rd period - Stopped by Olivier Roy without a rebound.
10:51 of 3rd period - David Kampf wins face-off versus Dylan Larkin in Royaux zone.
11:06 of 3rd period - Wrist shot by Ryan Hartman.
11:06 of 3rd period - Stopped by Olivier Roy with a rebound.
11:26 of 3rd period - Slapshot by Lucas Wallmarkk.
11:26 of 3rd period - Goal by Lucas Wallmarkk - Harfangs : 4 - Royaux : 5.
11:27 of 3rd period - Tyler Brenner wins face-off versus Mathew Barzal in neutral zone.
11:57 of 3rd period - Wrist shot by Tomas Kubalik.
11:57 of 3rd period - Goal by Tomas Kubalik - Harfangs : 5 - Royaux : 5.
11:58 of 3rd period - Dylan Larkin wins face-off versus Tyler Brenner in neutral zone.
12:19 of 3rd period - Minor Penalty to Reid McNeill for Hooking.
12:20 of 3rd period - Tyler Randell wins face-off versus Dylan Larkin in Harfangs zone.
12:55 of 3rd period - Icing by Kasperi Kapanen.
12:56 of 3rd period - Dylan Larkin wins face-off versus Tyler Brenner in Royaux zone.
13:11 of 3rd period - Jordie Benn is hit by Ivan Provorov and loses puck.
13:30 of 3rd period - Wrist shot by Kasperi Kapanen.
13:30 of 3rd period - Goal by Kasperi Kapanen - Harfangs : 5 - Royaux : 6.
13:31 of 3rd period - Mathew Barzal wins face-off versus Tyler Brenner in neutral zone.
13:34 of 3rd period - Reid McNeill is hit by Mathew Barzal and loses puck.
14:22 of 3rd period - Morgan Klimchuk is hit by Travis Sanheim and loses puck.
14:44 of 3rd period - Snap shot by Ivan Provorov.
14:44 of 3rd period - Stopped by Olivier Roy without a rebound.
14:45 of 3rd period - Nick Sorensen wins face-off versus Rourke Chartier in Royaux zone.
15:00 of 3rd period - Slapshot by Lucas Wallmarkk.
15:00 of 3rd period - Stopped by Olivier Roy with a rebound.
16:10 of 3rd period - Icing by Tyler Randell.
16:11 of 3rd period - Danny Kristo wins face-off versus Tyler Brenner in Harfangs zone.
16:18 of 3rd period - Slapshot by Brendan Woods.
16:18 of 3rd period - Shot Misses the Net.
16:20 of 3rd period - Snap shot by Brendan Woods.
16:20 of 3rd period - Shot Misses the Net.
16:22 of 3rd period - Wrist shot by Danny Kristo.
16:22 of 3rd period - Goal by Danny Kristo - Harfangs : 5 - Royaux : 7.
16:23 of 3rd period - Rourke Chartier wins face-off versus David Kampf in neutral zone.
16:31 of 3rd period - Minor Penalty to Ryan Hartman for Tripping.
16:32 of 3rd period - Dylan Larkin wins face-off versus Tyler Randell in Harfangs zone.
17:02 of 3rd period - Slapshot by Marcus Pettersson.
17:02 of 3rd period - Stopped by Zachary Fucale with a rebound.
17:04 of 3rd period - Wrist shot by Marcus Pettersson.
17:04 of 3rd period - Shot Misses the Net.
17:06 of 3rd period - Slapshot by Marcus Pettersson.
17:06 of 3rd period - Deflect By Mathew Barzal.
17:06 of 3rd period - Stopped by Zachary Fucale without a rebound.
17:07 of 3rd period - Tyler Randell wins face-off versus Mathew Barzal in Harfangs zone.
17:49 of 3rd period - Michael Bournival is hit by Kasperi Kapanen and loses puck.
18:04 of 3rd period - Snap shot by Tyler Brenner.
18:04 of 3rd period - Stopped by Olivier Roy with a rebound.
18:31 of 3rd period - Penalty to Ryan Hartman is over, Ryan Hartman is back on ice.
18:42 of 3rd period - David Kampf is hit by Danny Kristo and loses puck.
18:47 of 3rd period - Slapshot by Danny Kristo.
18:47 of 3rd period - Stopped by Zachary Fucale with a rebound.
18:49 of 3rd period - Snap shot by Danny Kristo.
18:49 of 3rd period - Shot Blocked by Rinat Valiev.
19:41 of 3rd period - Wrist shot by Brendan Woods.
19:41 of 3rd period - Shot Misses the Net.
19:43 of 3rd period - Slapshot by Phil Oreskovic.
19:43 of 3rd period - Shot Blocked by Ivan Provorov.
19:45 of 3rd period - Wrist shot by Mathieu Joseph.
19:45 of 3rd period - Shot Misses the Net.
Goals for this period are 4 for Harfangs vs 3 for Royaux.
Shots for this period are 12 for Harfangs vs 9 for Royaux.